AoeStats
← VIT Liereyy

Arabia

508868042Analyzed
1v1 RM · 7d ago on Sep 24, 2026· 27m 51s· 2 players
Game mode
Random Map
Map size
Tiny (2 player)
Population
200
Speed
Normal
Resources
Standard
Victory
Conquest
Starting age
Dark Age
Ending age
Imperial Age
RankedLock teamsTeams togetherTeam positionsShared explorationLock speedFull tech treeHidden civsTurbo modeCheats
Victory
Defeat
🇦🇹 Mongols · Austria
2901
+11
🇷🇴 Saxons · Romania
2788
-11
TAG_Mihai06
5:52 Loom
8:43 Feudal Age
9:30 Double-Bit Axe
17:43 Castle Age
16:36 Padded Archer Armor
16:28 Fletching
18:01 Padded Archer Armor
18:24 Bodkin Arrow
VIT Liereyy
6:47 Loom
7:27 Loom
9:38 Feudal Age
11:06 Double-Bit Axe
13:37 Castle Age
19:54 Scale Barding Armor
Connection lost

Rejoining the realm…

Still unreachable

The connection could not be restored.

Session expired

The server has moved on; the page needs a fresh start.